 Dungeon Crawl Stone Soup version 0.21.1-1-g345015f (webtiles) character file.

7724 wilfster70 the Slinger (level 11, -5/73 HPs)
             Began as a Halfling Warper on June 6, 2018.
             Was a High Priest of Okawaru.
             Slain by Erica
             ... wielding a +3 scimitar of flaming
              (11 damage)
             ... on level 10 of the Dungeon.
             The game lasted 00:54:02 (14618 turns).

wilfster70 the Slinger (Halfling Warper)           Turns: 14618, Time: 00:54:03

Health: -5/73      AC: 12    Str: 12    XL:     11   Next: 42%
Magic:  18/18      EV: 15    Int: 14    God:    Okawaru [*****.]
Gold:   501        SH:  3    Dex: 15    Spells: 16/20 levels left

rFire    + + .     SeeInvis .   a - +2 dagger (speed)
rCold    . . .     Gourm    .   (shield restricted)
rNeg     . . .     Faith    .   C - +1 scale mail {rF+}
rPois    .         Spirit   .   (no helmet)
rElec    .         Reflect  +   D - +0 cloak {MR+}
rCorr    .         Harm     .   h - +0 pair of gloves
MR       ++...                  E - +0 pair of boots
Stlth    ..........             n - +3 amulet of reflection
HPRegen  0.22/turn              y - ring of protection from fire
MPRegen  0.16/turn              q - ring of protection from magic

@: no status effects
A: small, mutation resistance 1
a: Heroism, Finesse, Renounce Religion


You were on level 10 of the Dungeon.
You worshipped Okawaru.
Okawaru was extremely pleased with you.
You were not hungry.

You visited 2 branches of the dungeon, and saw 12 of its levels.

You collected 501 gold pieces.

Inventory:

Hand Weapons
 a - a +2 dagger of speed (weapon)
 b - a +2 hunting sling
 w - a +0 falchion of holy wrath
Missiles
 m - 33 sling bullets
 o - 261 stones (quivered)
Armour
 h - a +0 pair of gloves (worn)
 C - a +1 scale mail of fire resistance (worn)
 D - a +0 cloak of magic resistance (worn)
 E - a +0 pair of boots (worn)
 I - the +5 leather armour of Leapfrog {rElec Str+3, unknown}
   (You found it on level 10 of the Dungeon)

   It affects your strength (+3).
   It insulates you from electricity.
Jewellery
 n - a +3 amulet of reflection (around neck)
 q - a ring of protection from magic (right hand)
 y - a ring of protection from fire (left hand)
 A - an uncursed ring of magical power
Wands
 e - a wand of digging (55)
 x - a wand of scattershot (6)
 z - a wand of iceblast (9)
 B - a wand of flame (21)
 F - a wand of random effects (25)
Scrolls
 d - 2 scrolls of blinking
 p - 6 scrolls of remove curse
 s - a scroll of fog
 t - 2 scrolls of amnesia
 u - 5 scrolls of teleportation
 G - 2 scrolls of magic mapping {unknown}
 H - a scroll of identify
 J - a scroll of fear
 N - a scroll of enchant armour {unknown}
Potions
 g - 4 potions of brilliance
 i - a potion of lignification
 j - a potion of flight
 k - a potion of curing
 l - a potion of magic
 r - 3 potions of invisibility
 K - a potion of ambrosia {unknown}
 L - a potion of might {unknown}
Books
 c - a book of Spatial Translocations

   Spells                             Type                      Level
   a - Blink                          Translocation                2
   b - Shroud of Golubria             Charms/Translocation         2
   c - Lesser Beckoning               Translocation                3
   d - Gell's Gravitas                Translocation                3
   e - Teleport Other                 Translocation                3
   f - Passage of Golubria            Translocation                4
 v - a book of Misfortune

   Spells                             Type                      Level
   a - Confusing Touch                Hexes                        1
   b - Confuse                        Hexes                        3
   c - Gell's Gravitas                Translocation                3
   d - Petrify                        Transmutation/Earth          4
   e - Metabolic Englaciation         Hexes/Ice                    5
   f - Yara's Violent Unravelling     Hexes/Transmutation          5
Miscellaneous
 P - a lightning rod (4/4)
Comestibles
 f - 19 rations
 O - 2 chunks of flesh


   Skills:
 - Level 6.3 Fighting
 - Level 4.0 Short Blades
 - Level 12.0(12.1) Slings
 - Level 1.0(5.5) Throwing
 - Level 6.0 Armour
 - Level 7.5 Dodging
 * Level 5.0 Spellcasting
 + Level 5.7 Charms
 + Level 5.8 Translocations


You had 16 spell levels left.
You knew the following spells:

 Your Spells              Type           Power        Failure   Level  Hunger
a - Blink                 Tloc           N/A          11%         2    ##.....
b - Shroud of Golubria    Chrm/Tloc      ###.......   11%         2    ##.....


Dungeon Overview and Level Annotations

Branches:
Dungeon (11/15)            Temple (1/1) D:4            Lair (0/6) D:11
    Orc: D:9-12

Altars:
Ashenzari
Cheibriados
Dithmenos
Elyvilon
Fedhas
Gozag
Hepliaklqana
Kikubaaqudgha
Makhleb
Nemelex Xobeh
Okawaru
Qazlal
Ru
Sif Muna
Trog
Uskayaw
Vehumet
Wu Jian
Xom
Yredelemnul
Zin
The Shining One

Shops:
D:6 (

Annotations:
D:10 Erica


Innate Abilities, Weirdness & Mutations

You are small and have problems with some larger weapons.
You are somewhat resistant to further mutation.


Message History

You hit something. You hit something but do no damage.
You hear some strange, mumbled words.
An orb of energy appears from out of thin air!
The orb of energy hits you!
* * * LOW HITPOINT WARNING * * *
The orb of energy explodes!
You hit something. You hit something. You block something's attack.
You hit something. You hit something but do no damage.
You barely miss something. Something hits you.
* * * LOW HITPOINT WARNING * * *
You hit something. You hit something. Something hits you!
* * * LOW HITPOINT WARNING * * *
You hit something.
Your scale mail prevents you from hitting something.
Something hits you!
You die...

....................#.......#....
............#########.......#....
....................#.......#....
...#................#.......#....
...#........#.......#.......#####
...#........#...............#....
...#........#...............#....
...#........#...[{..........#....
####........#..(@)..........#....
..[.........#########.......#....
............#.......#.......#####
............#.......#............
............#.......#########....
............#....................
............#....................
............#........<...........
............#....................


There were no monsters in sight!

Vanquished Creatures
  2 two-headed ogres (D:9)
  A wizard (D:9)
  Pikel (D:7)
  A deep elf mage (D:9)
  A cyclops (D:9)
  Psyche (D:10)
  2 trolls (D:9)
  Sigmund (D:5)
  A hungry ghost (D:8)
  Duvessa (D:7)
  3 orc warriors
  2 phantoms
  A hornet zombie (D:9)
  An ice beast (D:4)
  A slave (D:7)
  4 ogres
  A necrophage (D:7)
  A centaur (D:7)
  A crocodile (D:10)
  2 big kobolds (D:9)
  7 bullfrogs
  Dowan (D:7)
  A wyvern zombie (D:9)
  5 killer bees
  2 howler monkeys
  4 crimson imps
  7 hounds
  2 bullfrog zombies
  3 jellies
  Crazy Yiuf (D:7)
  2 centaur skeletons (D:8)
  5 orc priests
  A gnoll shaman (D:6)
  5 orc wizards
  2 iguanas
  5 worker ants
  A howler monkey zombie (D:10)
  9 gnolls
  11 adders
  2 shadow imps
  2 oozes
  An adder skeleton (D:7)
  An adder zombie (D:7)
  A worm (D:3)
  7 leopard geckos
  26 orcs
  6 giant cockroaches
  6 goblins
  13 hobgoblins
  11 jackals
  20 kobolds
  3 quokkas
  A ball python (D:3)
  A ball python zombie (D:4)
  6 bats
  5 frilled lizards
  8 rats
223 creatures vanquished.

Vanquished Creatures (others)
  3 slaves (D:7)
  An orc wizard (D:7)
  An adder (D:7)
  2 orcs (D:7)
  A jackal (D:10)
8 creatures vanquished.

Grand Total: 231 creatures vanquished

Notes
Turn   | Place    | Note
-------+----------+-------------------------------------------
     0 | D:1      | wilfster70 the Halfling Warper began the quest for the Orb.
     0 | D:1      | Reached XP level 1. HP: 14/14 MP: 3/3
   152 | D:1      | Reached XP level 2. HP: 5/19 MP: 5/5
   156 | D:1      | Learned a level 2 spell: Blink
   159 | D:1      | Learned a level 2 spell: Shroud of Golubria
   980 | D:1      | Reached XP level 3. HP: 21/24 MP: 6/6
  1984 | D:2      | Reached XP level 4. HP: 28/29 MP: 7/7
  3372 | D:3      | Reached skill level 1 in Slings
  3372 | D:3      | Reached XP level 5. HP: 23/34 MP: 9/9
  4052 | D:4      | Noticed an ogre
  4184 | D:4      | Noticed an ogre
  4192 | D:4      | Killed an ogre
  4192 | D:4      | Reached skill level 3 in Slings
  4192 | D:4      | Reached XP level 6. HP: 39/39 MP: 10/10
  4220 | D:4      | Found a staircase to the Ecumenical Temple.
  4233 | Temple   | Entered the Ecumenical Temple
  4277 | Temple   | Became a worshipper of Warmaster Okawaru
  4492 | D:4      | Killed an ogre
  4492 | D:4      | Reached skill level 4 in Slings
  4666 | D:4      | Found a glowing silver altar of Zin.
  4673 | D:5      | Entered Level 5 of the Dungeon
  5552 | D:5      | Noticed Sigmund
  5571 | D:5      | Killed Sigmund
  5571 | D:5      | Reached skill level 5 in Slings
  5571 | D:5      | Reached XP level 7. HP: 36/44 MP: 11/11
  6145 | D:5      | Reached skill level 6 in Slings
  6257 | D:4      | Reached skill level 7 in Slings
  6411 | D:4      | Reached * piety under Okawaru
  6411 | D:4      | Reached XP level 8. HP: 25/49 MP: 12/12
  6872 | D:5      | Reached skill level 8 in Slings
  7030 | D:5      | Reached skill level 9 in Slings
  7386 | D:6      | Reached skill level 10 in Slings
  7851 | D:6      | Found Worusadi's Weapon Shoppe.
  7955 | D:6      | Reached skill level 11 in Slings
  8214 | D:6      | Reached ** piety under Okawaru
  8214 | D:6      | Reached XP level 9. HP: 50/54 MP: 13/13
  8448 | D:7      | Reached skill level 12 in Slings
  8638 | D:7      | Found a runed door.
  8642 | D:7      | Noticed Crazy Yiuf
  8653 | D:7      | Killed Crazy Yiuf
  8802 | D:7      | Noticed Pikel
  8834 | D:7      | Killed Pikel
  8834 | D:7      | Reached *** piety under Okawaru
  9490 | D:7      | Noticed Duvessa
  9491 | D:7      | Noticed Dowan
  9515 | D:7      | Killed Duvessa
  9524 | D:7      | Killed Dowan
  9524 | D:7      | Received a gift from Okawaru
  9674 | D:7      | Got a transparent golden ring
  9677 | D:7      | Identified the ring of the Lumpy Princes {Fire Str+3} (You found it on level 7 of the Dungeon)
  9932 | D:8      | Reached XP level 10. HP: 65/65 MP: 14/14
  9988 | D:8      | Reached skill level 5 in Fighting
 10701 | D:8      | Received a gift from Okawaru
 10701 | D:8      | Reached skill level 5 in Dodging
 11183 | D:9      | Noticed a deep elf mage
 11186 | D:9      | Noticed a wizard
 11228 | D:9      | Killed a deep elf mage
 11228 | D:9      | Reached skill level 5 in Armour
 11255 | D:9      | Killed a wizard
 11517 | D:9      | Reached **** piety under Okawaru
 11595 | D:9      | Noticed a cyclops
 11619 | D:9      | Killed a cyclops
 11808 | D:9      | Noticed a two-headed ogre
 11822 | D:9      | Killed a two-headed ogre
 11822 | D:9      | Reached XP level 11. HP: 56/73 MP: 14/16
 12442 | D:10     | Entered Level 10 of the Dungeon
 12793 | D:10     | Got an opal-encrusted leather armour
 12799 | D:10     | Noticed a two-headed ogre
 13174 | D:9      | Killed a two-headed ogre
 13174 | D:9      | Reached ***** piety under Okawaru
 13174 | D:9      | Reached skill level 5 in Charms
 13174 | D:9      | Reached skill level 5 in Translocations
 13514 | D:10     | Noticed Psyche
 13557 | D:10     | Received a gift from Okawaru
 13568 | D:10     | Killed Psyche
 14225 | D:10     | Reached skill level 5 in Spellcasting
 14378 | D:11     | Noticed Erica
 14551 | D:11     | Found a staircase to the Lair.
 14618 | D:10     | Slain by Erica

Skill      XL: |  1  2  3  4  5  6  7  8  9 10 11 |
---------------+----------------------------------+-----
Spellcasting   | 2 3 5 |  5.0
Short Blades   | 3 4 |  4.0
Slings         | 1 3 5 7 11 12 | 12.0
Charms         | 2 3 4 5 |  5.7
Translocations | 4 5 |  5.8
Fighting       | 4 6 |  6.3
Armour         | 3 6 |  6.0
Dodging        | 4 7 |  7.5
Throwing       | |  1.0

Action                   |  1- 3 |  4- 6 |  7- 9 | 10-12 || total
-------------------------+-------+-------+-------+-------++-------
Melee: Short sword       |   156 |   228 |    61 |       ||   445
       Falchion          |       |       |     7 |       ||     7
       Dagger            |       |       |     7 |    54 ||    61
       Unarmed           |       |       |       |     4 ||     4
 Fire: Hunting sling     |       |    75 |   449 |   452 ||   976
 Cast: Shroud of Golubri |       |       |       |     2 ||     2
       Blink             |       |       |       |     1 ||     1
Invok: Heroism           |       |       |       |     1 ||     1
Evoke: Wand              |       |       |       |     2 ||     2
  Use: Scroll            |       |     8 |     5 |     2 ||    15
       Potion            |       |     1 |     2 |     4 ||     7
 Stab: Sleeping          |     1 |       |       |       ||     1
  Eat: Chunk             |     3 |    10 |     8 |     9 ||    30
       Ration            |       |     1 |     1 |     2 ||     4
Armor: Leather armour    |    44 |       |       |       ||    44
       Ring mail         |       |    75 |       |       ||    75
       Scale mail        |       |     3 |    57 |   131 ||   191
       Skin              |       |       |    23 |     1 ||    24
Dodge: Dodged            |   152 |   180 |   101 |   250 ||   683
Block: Other             |       |       |    18 |    37 ||    55
       Reflection        |       |       |     1 |       ||     1
       Rpst.: Falchion   |       |       |     2 |       ||     2
